[Event "Polgar Challenge 2021"]
[Site "Online"]
[Date "2021.04.04"]
[Round "10.6"]
[White "Badelka, Olga"]
[Black "Bjerre, Jonas Buhl"]
[Result "0-1"]
[ECO "E46"]
[WhiteElo "2433"]
[BlackElo "2550"]
[Annotator "ChessBase"]
[PlyCount "116"]
[EventDate "2021.04.08"]
[EventType "tourn"]
[EventCountry "NET"]
[SourceTitle "playchess.com"]
[Source "ChessBase"]
[SourceQuality "1"]
[TimeControl "600+5"]

1. d4 Nf6 2. c4 e6 3. Nc3 Bb4 4. e3 O-O 5. Nge2 Re8 6. a3 Bf8 7. d5 a5 8. Ng3 Na6 9. Be2 Nc5 10. e4 exd5 11. exd5 a4 12. Be3 d6 13. O-O Bd7 14. Qc2 g6 15. Rae1 Bg7 16. Bd1 h5 17. Bg5 Rxe1 18. Rxe1 Qf8 19. h3 Re8 20. Re2 Nh7 21. Be3 h4 22. Bxc5 dxc5 23. Nge4 Bd4 24. Qd3 Qh6 25. Nd2 Qf4 26. Rxe8+ Bxe8 27. Nf3 Bf6 28. Bxa4 Bxc3 29. Bxe8 Bxb2 30. Qe2 Bf6 31. a4 Nf8 32. Bb5 b6 33. Bc6 Kg7 34. Bb5 Bd4 35. Bc6 Nh7 36. Nxd4 cxd4 37. c5 Qc1+ 38. Kh2 Qxc5 39. Qe5+ Nf6 40. Qxc7 d3 41. d6 Qe5+ 42. Kg1 d2 43. Bf3 Qe1+ 44. Kh2 d1=Q 45. Bxd1 Qxd1 46. Qxb6 Ne4 47. Qb2+ Kh7 48. a5 Qxd6+ 49. Kg1 Qd1+ 50. Kh2 Nd2 51. g4 hxg3+ 52. Kxg3 Qf3+ 53. Kh2 Qxf2+ 54. Kh1 Qf1+ 55. Kh2 Qe2+ 56. Kh1 Qe4+ 57. Kh2 Nc4 58. Qc3 Qe5+ 0-1

[Event "Polgar Challenge 2021"]
[Site "Online"]
[Date "2021.04.04"]
[Round "10.7"]
[White "Lei, Tingjie"]
[Black "Shuvalova, Polina"]
[Result "1/2-1/2"]
[ECO "C54"]
[WhiteElo "2505"]
[BlackElo "2476"]
[Annotator "ChessBase"]
[PlyCount "104"]
[EventDate "2021.04.08"]
[EventType "tourn"]
[EventCountry "NET"]
[SourceTitle "playchess.com"]
[Source "ChessBase"]
[SourceQuality "1"]
[TimeControl "600+5"]

1. e4 e5 2. Nf3 Nc6 3. Bc4 Bc5 4. c3 Nf6 5. d3 d6 6. O-O O-O 7. Bd2 a6 8. Bb3 Re8 9. h3 h6 10. Re1 Be6 11. Bxe6 Rxe6 12. Nh4 d5 13. Nf5 Ne7 14. Nxe7+ Qxe7 15. Be3 Rd8 16. Bxc5 Qxc5 17. Nd2 dxe4 18. dxe4 Red6 19. Nb3 Qc4 20. Qc2 b6 21. Re2 Qa4 22. Rae1 c5 23. c4 Nh7 24. Nc1 Qxc2 25. Rxc2 Ng5 26. f3 Ne6 27. Ne2 Rd1 28. Rxd1 Rxd1+ 29. Kf2 g5 30. Nc3 Ra1 31. a3 Nd4 32. Rd2 Rc1 33. Na4 b5 34. Nxc5 Rxc4 35. Nd7 Nc6 36. Nf6+ Kg7 37. Ng4 h5 38. Ne3 Rc1 39. Nf5+ Kf8 40. Rd7 Ke8 41. Rc7 Rc2+ 42. Kf1 f6 43. Ne3 Rc1+ 44. Kf2 Kd8 45. Rf7 Rb1 46. Rxf6 Rxb2+ 47. Kf1 Kd7 48. Nd5 a5 49. Nb6+ Kc7 50. Nd5+ Kd7 51. Nb6+ Kc7 52. Nd5+ Kd7 1/2-1/2

[Event "Polgar Challenge 2021"]
[Site "Online"]
[Date "2021.04.04"]
[Round "10.8"]
[White "Yip, Carissa"]
[Black "Yoo, Christopher Woojin"]
[Result "0-1"]
[ECO "B45"]
[WhiteElo "2430"]
[BlackElo "2455"]
[Annotator "ChessBase"]
[PlyCount "78"]
[EventDate "2021.04.08"]
[EventType "tourn"]
[EventCountry "NET"]
[SourceTitle "playchess.com"]
[Source "ChessBase"]
[SourceQuality "1"]
[TimeControl "600+5"]

1. e4 c5 2. Nf3 e6 3. d4 cxd4 4. Nxd4 Nf6 5. Nc3 Nc6 6. Nxc6 bxc6 7. e5 Nd5 8. Ne4 Qc7 9. f4 Rb8 10. Bd3 Qb6 11. c4 Bb4+ 12. Ke2 f5 13. exf6 Nxf6 14. Be3 Qa5 15. Nxf6+ gxf6 16. a3 Be7 17. b4 Qc7 18. Kf2 O-O 19. Qg4+ Kh8 20. Qh5 f5 21. g4 d5 22. gxf5 exf5 23. Qh6 Qd8 24. Rhg1 Bf6 25. Rad1 d4 26. Bc1 Be6 27. Rg5 Qd7 28. Re1 Rbe8 29. Bd2 Bxg5 30. fxg5 Bf7 31. Bf4 Bg6 32. h4 Qf7 33. Be5+ Kg8 34. Bf6 Rxe1 35. Kxe1 Re8+ 36. Kd2 f4 37. Bf1 f3 38. Kd1 f2 39. c5 Qb3+ 0-1

[Event "Polgar Challenge 2021"]
[Site "Online"]
[Date "2021.04.04"]
[Round "11.2"]
[White "Liang, Awonder"]
[Black "Salimova, Nurgyul"]
[Result "1-0"]
[ECO "C55"]
[WhiteElo "2592"]
[BlackElo "2397"]
[Annotator "ChessBase"]
[PlyCount "67"]
[EventDate "2021.04.08"]
[EventType "tourn"]
[EventCountry "NET"]
[SourceTitle "playchess.com"]
[Source "ChessBase"]
[SourceQuality "1"]
[TimeControl "600+5"]

1. e4 e5 2. Nf3 Nc6 3. Bc4 Nf6 4. d3 Be7 5. O-O O-O 6. a4 d6 7. h3 h6 8. Re1 Kh8 9. c3 Nh7 10. d4 f5 11. Bd5 exd4 12. cxd4 Nb4 13. Nc3 c6 14. Bb3 fxe4 15. Nxe4 d5 16. Ne5 Kg8 17. Bd2 a5 18. Ng3 Qd6 19. Qh5 Bd7 20. Ng6 Rf7 21. Ne4 Qc7 22. Bf4 Qd8 23. Bd6 Bf6 24. Bxb4 axb4 25. Nd6 Bg4 26. Bxd5 cxd5 27. Qxd5 Ng5 28. hxg4 Kh7 29. Qf5 Kg8 30. Nxf7 Nxf7 31. Re6 Qxd4 32. Rae1 Qd7 33. Re7 Qc6 34. Rxf7 1-0

[Event "Polgar Challenge 2021"]
[Site "Online"]
[Date "2021.04.04"]
[Round "11.4"]
[White "Shuvalova, Polina"]
[Black "Yip, Carissa"]
[Result "1-0"]
[ECO "B08"]
[WhiteElo "2476"]
[BlackElo "2430"]
[Annotator "ChessBase"]
[PlyCount "89"]
[EventDate "2021.04.08"]
[EventType "tourn"]
[EventCountry "NET"]
[SourceTitle "playchess.com"]
[Source "ChessBase"]
[SourceQuality "1"]
[TimeControl "600+5"]

1. d4 g6 2. e4 Bg7 3. Nc3 d6 4. Be3 c6 5. Nf3 Nd7 6. a4 Qa5 7. Qd2 Ngf6 8. h3 O-O 9. Bd3 e5 10. O-O Re8 11. Rfe1 Nf8 12. Rab1 Qc7 13. b4 Ne6 14. dxe5 dxe5 15. Ne2 Bd7 16. c3 Rad8 17. Qc2 c5 18. Ng3 b6 19. Red1 Bc6 20. b5 Ba8 21. Bc4 Nf4 22. Ng5 Rxd1+ 23. Rxd1 Rf8 24. Qa2 Bb7 25. a5 h6 26. Nxf7 Rxf7 27. a6 Bxe4 28. Bxf7+ Qxf7 29. Rd8+ Bf8 30. Qxf7+ Kxf7 31. Nxe4 Nxe4 32. Bxf4 exf4 33. Rd7+ Ke6 34. Rxa7 Nd6 35. Ra8 Nxb5 36. Rxf8 Kd5 37. Rxf4 Kc6 38. Rf6+ Kc7 39. c4 Nd4 40. Rxg6 b5 41. cxb5 Nxb5 42. Rxh6 c4 43. Rh4 c3 44. Rc4+ Kb6 45. h4 1-0

[Event "Polgar Challenge 2021"]
[Site "Online"]
[Date "2021.04.04"]
[Round "11.5"]
[White "Bjerre, Jonas Buhl"]
[Black "Lei, Tingjie"]
[Result "1-0"]
[ECO "E04"]
[WhiteElo "2550"]
[BlackElo "2505"]
[Annotator "ChessBase"]
[PlyCount "135"]
[EventDate "2021.04.08"]
[EventType "tourn"]
[EventCountry "NET"]
[SourceTitle "playchess.com"]
[Source "ChessBase"]
[SourceQuality "1"]
[TimeControl "600+5"]

1. d4 Nf6 2. c4 e6 3. Nf3 d5 4. g3 dxc4 5. Bg2 Nc6 6. Qa4 Bb4+ 7. Bd2 Nd5 8. Bxb4 Ndxb4 9. Ne5 O-O 10. Nxc6 Nxc6 11. e3 b5 12. Qxb5 Rb8 13. Qa4 Nb4 14. O-O Bd7 15. Qd1 Qe7 16. Na3 Nd3 17. Nxc4 Nxb2 18. Nxb2 Rxb2 19. Qc1 Qa3 20. Qxc7 Bb5 21. Rfb1 Bd3 22. Rxb2 Qxb2 23. Qc1 Qb4 24. Qd1 Qa3 25. Qb3 Qxb3 26. axb3 Rc8 27. d5 exd5 28. Bxd5 Rc7 29. e4 g5 30. f3 Kg7 31. Kf2 a6 32. Ke3 Bb5 33. Kd4 Rc2 34. h4 gxh4 35. gxh4 Rh2 36. Rg1+ Kf8 37. Rg4 Be8 38. e5 Ke7 39. Bc4 a5 40. Rf4 Rf2 41. Kc5 Rc2 42. Kb6 Rc1 43. Kxa5 Re1 44. Rf5 Rh1 45. h5 Rb1 46. Kb4 Rb2 47. Kc5 Rc2 48. h6 Kd8 49. Kb4 Ke7 50. f4 Rf2 51. Rf6 Rf3 52. Kc5 Rc3 53. Kd4 Rc1 54. Bd3 Rd1 55. Kc3 Rh1 56. Bxh7 Bd7 57. Be4 Rh3+ 58. Kd4 Be6 59. b4 Rb3 60. Kc5 Rc3+ 61. Kb5 Bd7+ 62. Kb6 Be6 63. h7 Rh3 64. b5 Kf8 65. f5 Bd7 66. e6 Be8 67. exf7 Bd7 68. Rd6 1-0

[Event "Polgar Challenge 2021"]
[Site "Online"]
[Date "2021.04.04"]
[Round "11.8"]
[White "Mendonca, Leon Luke"]
[Black "Mammadzada, Gunay"]
[Result "1-0"]
[ECO "D15"]
[WhiteElo "2549"]
[BlackElo "2443"]
[Annotator "ChessBase"]
[PlyCount "51"]
[EventDate "2021.04.08"]
[EventType "tourn"]
[EventCountry "NET"]
[SourceTitle "playchess.com"]
[Source "ChessBase"]
[SourceQuality "1"]
[TimeControl "600+5"]

1. d4 d5 2. c4 c6 3. Nf3 Nf6 4. e3 Bf5 5. Nc3 a6 6. Ne5 Nbd7 7. Qb3 Qc7 8. cxd5 Nxe5 9. dxe5 Nxd5 10. Bc4 e6 11. e4 Nxc3 12. exf5 Nd5 13. O-O O-O-O 14. Bg5 Rd7 15. fxe6 fxe6 16. Rac1 h6 17. Be3 Qxe5 18. Rfe1 Bd6 19. g3 Qf5 20. Bxa6 bxa6 21. Rxc6+ Kd8 22. Rxd6 Rxd6 23. Qb8+ Ke7 24. Qxh8 Kf7 25. Bc5 Rb6 26. Qf8+ 1-0

[Event "Polgar Challenge 2021"]
[Site "Online"]
[Date "2021.04.04"]
[Round "11.9"]
[White "Abdumalik, Zhansaya"]
[Black "Murzin, Volodar"]
[Result "0-1"]
[ECO "B01"]
[WhiteElo "2472"]
[BlackElo "2478"]
[Annotator "ChessBase"]
[PlyCount "56"]
[EventDate "2021.04.08"]
[EventType "tourn"]
[EventCountry "NET"]
[SourceTitle "playchess.com"]
[Source "ChessBase"]
[SourceQuality "1"]
[TimeControl "600+5"]

1. e4 c6 2. d4 d5 3. Nd2 dxe4 4. Nxe4 Bf5 5. Ng3 Bg6 6. Nh3 Nf6 7. Nf4 Nbd7 8. c3 Qc7 9. Bc4 e6 10. O-O Bd6 11. Qf3 O-O-O 12. a4 Nb6 13. Bb3 Nbd5 14. Nxg6 hxg6 15. a5 a6 16. c4 Ne7 17. d5 exd5 18. cxd5 Nexd5 19. h3 Bf4 20. Ne4 Nxe4 21. Bxd5 Bh2+ 22. Kh1 cxd5 23. Be3 Kb8 24. Rfc1 Qd6 25. Qxf7 Rhf8 26. Qxg7 Be5 27. Qh7 Rh8 28. Qf7 Rdf8 0-1

[Event "Polgar Challenge 2021"]
[Site "Online"]
[Date "2021.04.04"]
[Round "12.2"]
[White "Murzin, Volodar"]
[Black "Khademalsharieh, Sarasadat"]
[Result "1-0"]
[ECO "C78"]
[WhiteElo "2478"]
[BlackElo "2494"]
[Annotator "ChessBase"]
[PlyCount "101"]
[EventDate "2021.04.08"]
[EventType "tourn"]
[EventCountry "NET"]
[SourceTitle "playchess.com"]
[Source "ChessBase"]
[SourceQuality "1"]
[TimeControl "600+5"]

1. e4 e5 2. Nf3 Nc6 3. Bb5 a6 4. Ba4 Nf6 5. O-O b5 6. Bb3 Bc5 7. c3 d6 8. d4 Bb6 9. Be3 Bg4 10. Nbd2 O-O 11. h3 Bh5 12. dxe5 Nxe5 13. Bxb6 cxb6 14. g4 Bg6 15. Nd4 Nxe4 16. f4 Qh4 17. Nxe4 Bxe4 18. Qe1 Qxh3 19. Qxe4 Nxg4 20. Qg2 Qxg2+ 21. Kxg2 Ne3+ 22. Kf3 Nxf1 23. Rxf1 g6 24. Rd1 Rad8 25. Nc6 Rd7 26. Nb4 a5 27. Nd5 Rb7 28. f5 gxf5 29. Bc2 Rc8 30. Bxf5 Rc5 31. Be4 Rb8 32. Nf6+ Kg7 33. Nd7 Rd8 34. Rg1+ Kh8 35. Nxc5 dxc5 36. Ke3 Rd6 37. Rg2 h6 38. Kf4 Rd1 39. Ke5 Re1 40. Kd5 Rf1 41. Kc6 f5 42. Bd3 Ra1 43. Bxf5 Rxa2 44. Kxb5 a4 45. Be6 Ra1 46. Kxb6 Re1 47. Bd5 Rc1 48. Kxc5 a3 49. Kb4 axb2 50. Rxb2 Kg7 51. c4 1-0

[Event "Polgar Challenge 2021"]
[Site "Online"]
[Date "2021.04.04"]
[Round "12.3"]
[White "Mammadzada, Gunay"]
[Black "Abdumalik, Zhansaya"]
[Result "1-0"]
[ECO "C89"]
[WhiteElo "2443"]
[BlackElo "2472"]
[Annotator "ChessBase"]
[PlyCount "103"]
[EventDate "2021.04.08"]
[EventType "tourn"]
[EventCountry "NET"]
[SourceTitle "playchess.com"]
[Source "ChessBase"]
[SourceQuality "1"]
[TimeControl "600+5"]

1. e4 e5 2. Nf3 Nc6 3. Bb5 a6 4. Ba4 Nf6 5. O-O Be7 6. Re1 b5 7. Bb3 O-O 8. c3 d5 9. exd5 Nxd5 10. Nxe5 Nxe5 11. Rxe5 c6 12. d3 Bd6 13. Re1 Bf5 14. Qf3 Qd7 15. Bxd5 cxd5 16. Bf4 Bxf4 17. Qxf4 Bxd3 18. Nd2 d4 19. cxd4 Rad8 20. Nf3 Bc4 21. b3 Bd5 22. Rad1 Qb7 23. Re3 a5 24. Nh4 Rfe8 25. Nf5 Rxe3 26. fxe3 g6 27. Rc1 Qd7 28. Qg5 Re8 29. Rf1 Qd8 30. Qxd8 Rxd8 31. Ne7+ Kg7 32. Nxd5 Rxd5 33. Rc1 a4 34. b4 f5 35. Rc5 Rd7 36. Rxb5 f4 37. Kf2 fxe3+ 38. Kxe3 Re7+ 39. Re5 Rc7 40. Kd3 Rc1 41. Ra5 Rd1+ 42. Kc4 Rd2 43. Rxa4 Rxg2 44. b5 Rxh2 45. b6 Rc2+ 46. Kb5 Rc8 47. Rc4 Rb8 48. a4 h5 49. a5 h4 50. a6 h3 51. a7 Rh8 52. Rc1 1-0

[Event "Polgar Challenge 2021"]
[Site "Online"]
[Date "2021.04.04"]
[Round "12.5"]
[White "Badelka, Olga"]
[Black "Keymer, Vincent"]
[Result "0-1"]
[ECO "A07"]
[WhiteElo "2433"]
[BlackElo "2591"]
[Annotator "ChessBase"]
[PlyCount "86"]
[EventDate "2021.04.08"]
[EventType "tourn"]
[EventCountry "NET"]
[SourceTitle "playchess.com"]
[Source "ChessBase"]
[SourceQuality "1"]
[TimeControl "600+5"]

1. Nf3 d5 2. g3 Bg4 3. Bg2 c6 4. h3 Bh5 5. O-O Nd7 6. d4 Ngf6 7. c4 e6 8. cxd5 exd5 9. Nh4 Bg6 10. Nc3 Be7 11. Nxg6 hxg6 12. Bf4 O-O 13. Qd2 Re8 14. h4 Nf8 15. Qd3 a5 16. Rad1 Bd6 17. e3 Be7 18. Bf3 Ne6 19. Kg2 Nxf4+ 20. exf4 Qd7 21. Rh1 Qf5 22. h5 Qxd3 23. Rxd3 gxh5 24. Bxh5 g6 25. Bd1 Nd7 26. f5 Bf6 27. fxg6 fxg6 28. Ne2 Nf8 29. Kf1 Ra6 30. Rb3 Re7 31. Bc2 Kg7 32. g4 a4 33. Rg3 Rf7 34. Re3 Rb6 35. b3 axb3 36. axb3 Rb4 37. Rd3 Ne6 38. g5 Bxd4 39. Nxd4 Rxd4 40. Rg3 Rd2 41. Bxg6 Rfxf2+ 42. Kg1 Rfe2 43. Rh7+ Kxg6 0-1

[Event "Polgar Challenge 2021"]
[Site "Online"]
[Date "2021.04.04"]
[Round "12.6"]
[White "Lei, Tingjie"]
[Black "Gukesh D"]
[Result "1/2-1/2"]
[ECO "B90"]
[WhiteElo "2505"]
[BlackElo "2578"]
[Annotator "ChessBase"]
[PlyCount "107"]
[EventDate "2021.04.08"]
[EventType "tourn"]
[EventCountry "NET"]
[SourceTitle "playchess.com"]
[Source "ChessBase"]
[SourceQuality "1"]
[TimeControl "600+5"]

1. e4 c5 2. Nf3 d6 3. d4 cxd4 4. Nxd4 Nf6 5. Nc3 a6 6. a4 g6 7. Be2 Bg7 8. O-O O-O 9. Be3 Nc6 10. Qd2 Bd7 11. f4 Nxd4 12. Bxd4 Bc6 13. Bf3 Nd7 14. Bxg7 Kxg7 15. a5 b5 16. e5 Rc8 17. exd6 Nf6 18. Rad1 Qxd6 19. Qxd6 exd6 20. Rd2 Rfe8 21. Na2 Bxf3 22. Rxf3 Ne4 23. Re2 Ng5 24. Rfe3 Rxe3 25. Rxe3 Ne6 26. Nb4 Rc4 27. c3 Rxf4 28. Rd3 Re4 29. Kf2 Nc5 30. Rd1 Kf8 31. Kf3 Re6 32. Nd5 Nb3 33. Nc7 Rf6+ 34. Ke2 Nxa5 35. Nxa6 Nc4 36. b3 Re6+ 37. Kf2 Na5 38. b4 Nc4 39. Nc7 Re5 40. Rd4 Rf5+ 41. Ke2 Re5+ 42. Kf2 Ne3 43. Rxd6 Ng4+ 44. Kg3 h5 45. Rd3 Kg7 46. Nd5 g5 47. h3 Nh6 48. Nc7 Nf5+ 49. Kf3 Nh4+ 50. Kf2 Rf5+ 51. Kg1 Re5 52. Kf2 Rf5+ 53. Kg1 Re5 54. Kf2 1/2-1/2

[Event "Polgar Challenge 2021"]
[Site "Online"]
[Date "2021.04.04"]
[Round "12.7"]
[White "Yip, Carissa"]
[Black "Bjerre, Jonas Buhl"]
[Result "0-1"]
[ECO "B90"]
[WhiteElo "2430"]
[BlackElo "2550"]
[Annotator "ChessBase"]
[PlyCount "56"]
[EventDate "2021.04.08"]
[EventType "tourn"]
[EventCountry "NET"]
[SourceTitle "playchess.com"]
[Source "ChessBase"]
[SourceQuality "1"]
[TimeControl "600+5"]

1. e4 c5 2. Nf3 d6 3. d4 cxd4 4. Nxd4 Nf6 5. Nc3 a6 6. Be3 e5 7. Nf3 Be7 8. Bc4 O-O 9. O-O Nc6 10. Re1 Be6 11. Bxe6 fxe6 12. Ng5 Qd7 13. Na4 Bd8 14. Nb6 Bxb6 15. Bxb6 Ne7 16. c3 h6 17. Nf3 Ng6 18. Be3 Nxe4 19. Bxh6 Nxf2 20. Qc2 e4 21. Kxf2 d5 22. Rxe4 dxe4 23. Qxe4 Rf5 24. Be3 Ne5 25. Bd4 Nxf3 26. gxf3 Raf8 27. Rg1 e5 28. Be3 Rxf3+ 0-1

[Event "Polgar Challenge 2021"]
[Site "Online"]
[Date "2021.04.04"]
[Round "12.9"]
[White "Salimova, Nurgyul"]
[Black "Yoo, Christopher Woojin"]
[Result "1/2-1/2"]
[ECO "E06"]
[WhiteElo "2397"]
[BlackElo "2455"]
[Annotator "ChessBase"]
[PlyCount "78"]
[EventDate "2021.04.08"]
[EventType "tourn"]
[EventCountry "NET"]
[SourceTitle "playchess.com"]
[Source "ChessBase"]
[SourceQuality "1"]
[TimeControl "600+5"]

1. d4 Nf6 2. Nf3 e6 3. c4 d5 4. g3 Be7 5. Bg2 O-O 6. Nc3 dxc4 7. Ne5 c5 8. dxc5 Qc7 9. Nxc4 Qxc5 10. Qb3 Nc6 11. Be3 Qh5 12. h3 e5 13. g4 Qh4 14. Nd2 Nd4 15. Bxd4 exd4 16. Nf3 Qh6 17. g5 Qg6 18. gxf6 Be6 19. Nd5 Bd6 20. Kf1 Qe4 21. Nd2 Qh4 22. Qf3 g6 23. Rd1 Kh8 24. Qe4 Qh5 25. Nf4 Bxf4 26. Qxf4 d3 27. Qf3 dxe2+ 28. Qxe2 Qf5 29. Qf3 Qc2 30. Ne4 Bc4+ 31. Kg1 Be2 32. Qf4 Qxd1+ 33. Kh2 Qd4 34. Qh6 Rg8 35. Ng5 Qf4+ 36. Kg1 Qc1+ 37. Kh2 Qf4+ 38. Kg1 Qc1+ 39. Kh2 Qf4+ 1/2-1/2

[Event "Polgar Challenge 2021"]
[Site "Online"]
[Date "2021.04.04"]
[Round "13.1"]
[White "Liang, Awonder"]
[Black "Zhu, Jiner"]
[Result "1-0"]
[ECO "D40"]
[WhiteElo "2592"]
[BlackElo "2459"]
[Annotator "ChessBase"]
[PlyCount "93"]
[EventDate "2021.04.08"]
[EventType "tourn"]
[EventCountry "NET"]
[SourceTitle "playchess.com"]
[Source "ChessBase"]
[SourceQuality "1"]
[TimeControl "600+5"]

1. c4 Nf6 2. Nc3 e6 3. Nf3 d5 4. e3 c5 5. d4 Nc6 6. a3 a6 7. dxc5 Bxc5 8. b4 Ba7 9. Bb2 O-O 10. Qc2 Qe7 11. Be2 h6 12. O-O dxc4 13. Bxc4 b5 14. Ba2 Bb7 15. Rac1 Rac8 16. Bb1 Rfd8 17. Rfd1 Rxd1+ 18. Rxd1 Bb8 19. Ne4 Nxe4 20. Qxe4 f5 21. Qd3 Rd8 22. Qe2 Rxd1+ 23. Qxd1 Qd6 24. Qc2 Qd5 25. e4 fxe4 26. Qxe4 Qd1+ 27. Qe1 Qxe1+ 28. Nxe1 Ne5 29. f3 Ba7+ 30. Kf1 Nc4 31. Bc1 Be3 32. Bxe3 Nxe3+ 33. Ke2 Nc4 34. Nc2 Bd5 35. Kd3 Kf7 36. Ne3 Nxa3 37. Nxd5 exd5 38. Ba2 Ke6 39. f4 Kd6 40. h4 Nc4 41. Kd4 Na3 42. Bb3 Nc4 43. g4 Nb6 44. f5 Nc4 45. g5 Nb6 46. f6 gxf6 47. gxh6 1-0

[Event "Polgar Challenge 2021"]
[Site "Online"]
[Date "2021.04.04"]
[Round "13.3"]
[White "Shuvalova, Polina"]
[Black "Salimova, Nurgyul"]
[Result "0-1"]
[ECO "E05"]
[WhiteElo "2476"]
[BlackElo "2397"]
[Annotator "ChessBase"]
[PlyCount "98"]
[EventDate "2021.04.08"]
[EventType "tourn"]
[EventCountry "NET"]
[SourceTitle "playchess.com"]
[Source "ChessBase"]
[SourceQuality "1"]
[TimeControl "600+5"]

1. d4 Nf6 2. c4 e6 3. Nf3 d5 4. g3 Be7 5. Bg2 O-O 6. O-O dxc4 7. Ne5 Nc6 8. Bxc6 bxc6 9. Nxc6 Qe8 10. Nxe7+ Qxe7 11. Nc3 c5 12. dxc5 Qxc5 13. Be3 Qh5 14. f3 e5 15. Qa4 Bh3 16. Rf2 Be6 17. Qa5 Rab8 18. Rd1 Rxb2 19. Rd8 Rb8 20. Rxb8 Rxb8 21. Qxa7 Rc8 22. Qa5 Nd7 23. Rf1 Qg6 24. Rc1 h5 25. Nd5 Bxd5 26. Qxd5 Qc6 27. Qxc6 Rxc6 28. a4 f6 29. a5 Kf7 30. Ra1 Nb8 31. Kf2 Ke6 32. Ke1 Na6 33. Kd2 Nb4 34. Ra3 Nd5 35. Bf2 Nc7 36. Ra4 f5 37. e4 fxe4 38. fxe4 Kd7 39. Be3 Kc8 40. Kc3 Nb5+ 41. Kb4 Nd6 42. a6 Kb8 43. a7+ Ka8 44. Ra1 c3 45. Rc1 Nxe4 46. Kb5 Rc8 47. Rc2 Nd6+ 48. Kb4 Nf5 49. Bf2 Ne7 0-1

[Event "Polgar Challenge 2021"]
[Site "Online"]
[Date "2021.04.04"]
[Round "13.5"]
[White "Gukesh D"]
[Black "Yip, Carissa"]
[Result "0-1"]
[ECO "C90"]
[WhiteElo "2578"]
[BlackElo "2430"]
[Annotator "ChessBase"]
[PlyCount "124"]
[EventDate "2021.04.08"]
[EventType "tourn"]
[EventCountry "NET"]
[SourceTitle "playchess.com"]
[Source "ChessBase"]
[SourceQuality "1"]
[TimeControl "600+5"]

1. e4 e5 2. Nf3 Nc6 3. Bb5 a6 4. Ba4 Nf6 5. O-O Be7 6. d3 b5 7. Bb3 d6 8. c3 O-O 9. Nbd2 Na5 10. Bc2 c5 11. Re1 Re8 12. Nf1 Bf8 13. Ng3 g6 14. h3 Bg7 15. Bg5 h6 16. Be3 Bb7 17. Qd2 Kh7 18. b4 cxb4 19. cxb4 Nc6 20. Bb3 d5 21. Bc5 Qd7 22. exd5 Nxd5 23. Ne4 Nf4 24. d4 Rad8 25. d5 Ne7 26. Bb6 Rc8 27. Nc5 Rxc5 28. Bxc5 Nexd5 29. Rad1 Qf5 30. Bxd5 Bxd5 31. Re3 Nxh3+ 32. Kf1 Bc4+ 33. Ke1 Nf4 34. Nh4 Qg4 35. Qd7 Qxh4 36. g3 Ng2+ 37. Kd2 Qd8 38. Rd3 Bxd3 39. Qxd3 Qxd3+ 40. Kxd3 Rd8+ 41. Ke2 Rxd1 42. Kxd1 h5 43. Ke2 h4 44. Kf1 h3 45. f3 f5 46. Kg1 f4 47. Kh2 fxg3+ 48. Kxh3 Nf4+ 49. Kxg3 g5 50. Kg4 Kg6 51. Be7 Bf6 52. Bc5 Nd3 53. Bd6 Nc1 54. a3 Ne2 55. Bc5 Nd4 56. Kg3 Nc2 57. Kg4 Nxa3 58. Bd6 Nc2 59. Bc5 Bg7 60. Bd6 Ne3+ 61. Kh3 Kf5 62. Bc5 Nd5 0-1

[Event "Polgar Challenge 2021"]
[Site "Online"]
[Date "2021.04.04"]
[Round "13.6"]
[White "Keymer, Vincent"]
[Black "Lei, Tingjie"]
[Result "1-0"]
[ECO "A13"]
[WhiteElo "2591"]
[BlackElo "2505"]
[Annotator "ChessBase"]
[PlyCount "107"]
[EventDate "2021.04.08"]
[EventType "tourn"]
[EventCountry "NET"]
[SourceTitle "playchess.com"]
[Source "ChessBase"]
[SourceQuality "1"]
[TimeControl "600+5"]

1. Nf3 d5 2. e3 Nf6 3. c4 e6 4. Nc3 Be7 5. b3 O-O 6. Bb2 dxc4 7. Bxc4 a6 8. a4 c5 9. O-O Nc6 10. Ne2 Bd7 11. Qb1 h6 12. Rd1 Na5 13. Ng3 b5 14. axb5 axb5 15. Be2 Bc6 16. e4 Qb6 17. Qc2 Rfc8 18. Rab1 Be8 19. Bxf6 Bxf6 20. e5 Be7 21. Qe4 Nc6 22. Bd3 g6 23. Qf4 Kg7 24. h4 Nb4 25. Be4 Nd5 26. Bxd5 exd5 27. d4 c4 28. bxc4 Rxc4 29. Nf1 Qe6 30. Ne3 h5 31. Nxc4 bxc4 32. Ng5 Qc6 33. Ra1 Rxa1 34. Rxa1 Qb7 35. Qc1 Qb6 36. Qf4 Qb7 37. Qf3 Bf8 38. Qf6+ Kg8 39. e6 Bg7 40. exf7+ Bxf7 41. Ra8+ Qxa8 42. Qxf7+ Kh8 43. Qxg6 Kg8 44. Qf7+ Kh8 45. Qxh5+ Kg8 46. Qh7+ Kf8 47. Ne6+ Kf7 48. Nxg7 Qa1+ 49. Kh2 c3 50. Nf5+ Ke6 51. Qg6+ Kd7 52. Qd6+ Kc8 53. Qc6+ Kb8 54. Ne3 1-0

[Event "Polgar Challenge 2021"]
[Site "Online"]
[Date "2021.04.04"]
[Round "13.7"]
[White "Mendonca, Leon Luke"]
[Black "Badelka, Olga"]
[Result "1-0"]
[ECO "D24"]
[WhiteElo "2549"]
[BlackElo "2433"]
[Annotator "ChessBase"]
[PlyCount "63"]
[EventDate "2021.04.08"]
[EventType "tourn"]
[EventCountry "NET"]
[SourceTitle "playchess.com"]
[Source "ChessBase"]
[SourceQuality "1"]
[TimeControl "600+5"]

1. d4 Nf6 2. c4 e6 3. Nf3 d5 4. Nc3 dxc4 5. e4 b5 6. e5 Nd5 7. Nxb5 Nb6 8. Be2 Be7 9. O-O Nc6 10. Be3 O-O 11. b3 a6 12. Nc3 cxb3 13. axb3 Bb7 14. Qb1 Nb4 15. Rc1 N6d5 16. Ne4 Nxe3 17. fxe3 Nd5 18. Kf2 f5 19. exf6 Nxf6 20. Nxf6+ Bxf6 21. Ra5 Rb8 22. Bd3 g6 23. Be4 Qd6 24. Rac5 Bxd4 25. Rc6 Bxc6 26. Rxc6 Bxe3+ 27. Kxe3 Qf4+ 28. Kf2 Rbd8 29. Kg1 Qe3+ 30. Kh1 Qxe4 31. Qxe4 Rd1+ 32. Ng1 1-0

[Event "Polgar Challenge 2021"]
[Site "Online"]
[Date "2021.04.04"]
[Round "13.9"]
[White "Khademalsharieh, Sarasadat"]
[Black "Mammadzada, Gunay"]
[Result "1-0"]
[ECO "D15"]
[WhiteElo "2494"]
[BlackElo "2443"]
[Annotator "ChessBase"]
[PlyCount "115"]
[EventDate "2021.04.08"]
[EventType "tourn"]
[EventCountry "NET"]
[SourceTitle "playchess.com"]
[Source "ChessBase"]
[SourceQuality "1"]
[TimeControl "600+5"]

1. Nf3 d5 2. e3 Nf6 3. c4 c6 4. Nc3 a6 5. d4 Bf5 6. Ne5 Nbd7 7. Qb3 Qc7 8. cxd5 Nxe5 9. dxe5 Nxd5 10. Bc4 e6 11. e4 Nxc3 12. exf5 Nd5 13. Bxd5 cxd5 14. O-O Be7 15. Qg3 g6 16. f6 Bc5 17. Be3 d4 18. Bh6 Qd7 19. Rac1 Qd5 20. a3 Kd7 21. b4 Bb6 22. Rcd1 Rac8 23. Rd3 Rc4 24. Rfd1 Kc8 25. h4 Bc7 26. Re1 Rd8 27. h5 Kb8 28. Bf4 Qc6 29. Bd2 Rd5 30. f4 Rd8 31. Rd1 Bb6 32. Be1 gxh5 33. Bf2 Qe4 34. Qh4 Rg8 35. Rg3 Rxg3 36. Qxg3 Qg6 37. Qf3 Qg4 38. Qxg4 hxg4 39. f5 Rc6 40. Bxd4 Kc7 41. Bxb6+ Rxb6 42. fxe6 Rxe6 43. Rd5 b6 44. Kh2 h5 45. Kg3 Kc6 46. Rd8 Rxe5 47. Rf8 Kd6 48. Rxf7 Ke6 49. Rb7 Kxf6 50. Rxb6+ Kg5 51. Rxa6 Re3+ 52. Kh2 Kh4 53. Rf6 Rxa3 54. Rf5 Rb3 55. g3+ Rxg3 56. Rxh5+ Kxh5 57. Kxg3 Kg5 58. b5 1-0